 Dungeon Crawl Stone Soup version 0.29.1-1-gd02db6906a (webtiles) character file.

Game seed: 7582572178226351129

86 Icepheonix32 the Insei (level 4, -3/32 HPs)
             Began as a Merfolk Transmuter on Oct 5, 2022.
             Slain by a gnoll
             ... wielding a +0 whip
             ... led by a gnoll bouda
              (8 damage)
             ... on level 3 of the Dungeon.
             The game lasted 00:03:02 (3024 turns).

Icepheonix32 the Insei (Merfolk Transmuter)         Turns: 3024, Time: 00:03:03

Health: -3/32      AC:  2    Str: 10    XL:     4   Next: 50%
Magic:  2/7        EV: 13    Int: 14    God:
Gold:   99         SH:  0    Dex: 14    Spells: 1/7 levels left

rFire   . . .      SeeInvis .     - Unarmed
rCold   + . .      Faith    .   (no shield)
rNeg    . . .      Spirit   .   a - +0 robe
rPois   .          Reflect  .   (helmet currently unavailable)
rElec   .          Harm     .   (no cloak)
rCorr   .          Rampage  .   (no gloves)
Will    .....                   (boots currently unavailable)
Stlth   ++........              (no amulet)
HPRegen 0.10/turn               j - ring of protection from cold
MPRegen 0.10/turn               (no ring)

@: mighty, appendages (expiring), wereblooded
A: horns 2, (nimble swimmer 2), mertail
a: End Transformation


You were on level 3 of the Dungeon.
You had temporarily grown beastly horns.
You visited 1 branch of the dungeon, and saw 3 of its levels.

You collected 99 gold pieces.

Inventory:

Missiles
 h - 2 boomerangs
Armour
 a - a +0 robe (worn)
 k - a +0 hat (melded)
Magical Staves
 e - a staff of earth
Jewellery
 j - a ring of protection from cold (left hand)
Scrolls
 c - a scroll of noise {unknown}
 f - 2 scrolls of teleportation {unknown}
 g - a scroll of acquirement {unknown}
 l - a scroll of vulnerability {unknown}
 m - a scroll of enchant weapon {unknown}
 n - a scroll of identify
Potions
 b - a potion of might
 d - a potion of curing
 i - a potion of berserk rage {unknown}
 o - a potion of flight {unknown}


   Skills:
 + Level 1.2 Fighting
 + Level 3.4 Dodging
 + Level 1.5 Stealth
 + Level 4.4 Unarmed Combat
 + Level 2.3 Spellcasting
 * Level 3.2 Transmutations
 * Level 0.4 Poison Magic


You had one spell level left.
You knew the following spells:

 Your Spells              Type           Power      Damage    Failure   Level
a - Beastly Appendage     Tmut           20%        N/A       6%          1
b - Wereblood             Tmut           10%        N/A       10%         2
c - Spider Form           Tmut/Pois      6%         N/A       32%         3

Your spell library contained the following spells:

 Spells                   Type           Power      Damage    Failure   Level
 Ice Form                 Ice/Tmut       6%         N/A       75%         4


Dungeon Overview and Level Annotations

Branches:
Dungeon (3/15)

Altars:
Okawaru

Annotations:
D:3 2 runed translucent doors, safid's ghost, amateur MiHu


Innate Abilities, Weirdness & Mutations

You have temporarily grown beastly horns.
((You are very nimble when in or above water. (Stealth+, EV+, Speed+++)))
Your lower body shifts to a powerful aquatic tail in water.


Message History

You hear an angry hiss.
The gnoll hits you with a +2 flail of holy wrath!
You hit the gnoll but do no damage. You punch the gnoll.
The gnoll is heavily wounded.
You hit the gnoll but do no damage. Your headbutt misses the gnoll.
The gnoll is heavily wounded.
The gnoll hits you with a +2 flail of holy wrath.
The gnoll closely misses you. The gnoll attacks as you move away!
The gnoll misses you.
You barely miss the gnoll.
The gnoll is heavily wounded.
The gnoll hits you with a +2 flail of holy wrath!
* * * LOW HITPOINT WARNING * * *
Unknown command.
You feel better.
The gnoll hits you with a +2 flail of holy wrath!
You feel very mighty all of a sudden. The gnoll closely misses you.
You hit the gnoll but do no damage.
The gnoll is heavily wounded.
The gnoll closely misses you.
You hit the gnoll.
The gnoll is almost dead.
The gnoll completely misses you.
Your magical contamination has completely faded away.
You punch the gnoll!
You feel a bit better.
You kill the gnoll!
Your transformation is almost over.
You hit the gnoll but do no damage. You headbutt the gnoll.
The gnoll is heavily wounded.
You howl as the wereblood boils in your veins!
The gnoll closely misses you.
You hit the gnoll but do no damage.
The gnoll is heavily wounded.
The gnoll hits you with a +0 whip!
* * * LOW HITPOINT WARNING * * *
You hit the gnoll.
The gnoll is almost dead.
The gnoll hits you with a +0 whip!
You die...

.#......#.# ## .#
.#....#...# .. #### .#
......###.# ###.####..
..### ###.......#
#....<.#.##....#
........###
######.#....##.#
#...#.#.#
........g.......#
#.....#.#
#######.##g.......
#..##.#.#
####g##.......P #...
.#.#######.@gg#....(..PP
##...
#.#....##.####.##>...P.
#######......##.# #.
#.#.Pg # ###....##.# #.
...Pg # #....'..# #.
#..PP # #....#### #
###### # ###### # #....#


You could see a gnoll bouda and 2 gnolls.

Vanquished Creatures
  3 adders
  A gnoll (D:3)
  2 dart slugs
  2 orcs (D:3)
  3 endoplasms
  4 goblins
  4 hobgoblins
  6 jackals (D:1)
  2 quokkas (D:2)
  4 ball pythons
  4 bats
  2 frilled lizards
  4 kobolds
  A rat (D:2)
42 creatures vanquished.

Vanquished Creatures (others)
  20 plants (D:3)
20 creatures vanquished.

Grand Total: 62 creatures vanquished

Notes
Turn   | Place    | Note
-------+----------+-------------------------------------------
     0 | D:1      | Icepheonix32 the Merfolk Transmuter began the quest for the
                  | Orb.
     0 | D:1      | Reached XP level 1. HP: 15/15 MP: 3/3
   325 | D:1      | Reached XP level 2. HP: 19/21 MP: 5/5
  1178 | D:1      | Reached skill level 4 in Unarmed Combat
  1216 | D:1      | Learned a level 2 spell: Wereblood
  1345 | D:2      | Reached XP level 3. HP: 11/26 MP: 6/6
  1351 | D:2      | Reached skill level 1 in Stealth
  1812 | D:2      | Found an iron altar of Okawaru.
  2255 | D:2      | Learned a level 3 spell: Spider Form
  2326 | D:3      | Reached XP level 4. HP: 32/32 MP: 5/7
  2952 | D:3      | Found a large runed translucent door.
  2953 | D:3      | Found a large runed translucent door.
  2956 | D:3      | Noticed safid's ghost (amateur MiHu)
  3024 | D:3      | Slain by a gnoll

Illustrated notes

Levels and vault maps discovered:
D:1:      arrival_zaba_pyramid, layout_basic
D:2:      layout_rooms, basic_altar
D:3:      layout_basic, ebering_ghost_disaster_area, nicolae_grassy_gnolls

Skill      XL: |  1  2  3 |
---------------+----------+-----
Unarmed Combat | 4 |  4.4
Dodging        | 3 |  3.4
Stealth        | 1 |  1.5
Transmutations | 3 |  3.2
Fighting       | |  1.2
Spellcasting   | |  2.3
Poison Magic   | |  0.4

Action                   |  1- 3 |  4- 6 || total
-------------------------+-------+-------++-------
Melee: Unarmed           |   118 |    36 ||   154
       Punch             |     2 |     3 ||     5
       Headbutt          |     8 |     9 ||    17
 Cast: Beastly Appendage |    16 |     5 ||    21
       Wereblood         |       |     1 ||     1
  Use: Potion            |     1 |     3 ||     4
       Scroll            |     1 |       ||     1
 Stab: Sleeping          |     1 |     3 ||     4
Armor: Robe              |    25 |     4 ||    29
       Skin              |    17 |       ||    17
Dodge: Dodged            |   107 |    20 ||   127
